 Dungeon Crawl Stone Soup version 0.22-a0-469-gf26638a (webtiles) character file.

54 Gorglomux the Magician (level 3, -2/19 HPs)
             Began as a Deep Elf Fire Elementalist on June 11, 2018.
             Slain by Avalon's ghost (10 damage)
             ... on level 3 of the Dungeon.
             The game lasted 00:02:12 (1986 turns).

Gorglomux the Magician (Deep Elf Fire Elementalist) Turns: 1986, Time: 00:02:13

Health: -2/19      AC:  2    Str:  5    XL:     3   Next: 66%
Magic:  1/10       EV: 13    Int: 20    God:
Gold:   69         SH:  0    Dex: 15    Spells: 6/10 levels left

rFire    . . .     SeeInvis .   d - +2 dagger (speed)
rCold    . . .     Gourm    .   (no shield)
rNeg     . . .     Faith    .   a - +0 robe
rPois    .         Spirit   .   (no helmet)
rElec    .         Reflect  .   (no cloak)
rCorr    .         Harm     .   (no gloves)
MR       .....                  (no boots)
Stlth    ++........             (no amulet)
HPRegen  0.06/turn              (no ring)
MPRegen  0.12/turn              (no ring)

@: no status effects
A: no striking features
a: no special abilities


You were on level 3 of the Dungeon.
You were not hungry.

You visited 1 branch of the dungeon, and saw 3 of its levels.

You collected 69 gold pieces.

Inventory:

Hand Weapons
 d - a +2 dagger of speed (weapon)
Armour
 a - a +0 robe (worn)
Scrolls
 e - a scroll of remove curse {unknown}
 f - 5 scrolls of identify {unknown}
 l - a scroll of noise {unknown}
 m - 3 scrolls of enchant armour {unknown}
 n - a scroll of fear {unknown}
 o - 2 scrolls of teleportation {unknown}
 p - a scroll of amnesia {unknown}
 r - a scroll of blinking {unknown}
 s - a scroll of enchant weapon {unknown}
Potions
 h - 4 potions of curing {unknown}
 i - a potion of agility
 j - 2 potions of haste {unknown}
 k - a potion of invisibility {unknown}
 t - a potion of magic {unknown}
 v - a potion of ambrosia {unknown}
Comestibles
 c - 3 rations
 u - a chunk of flesh


   Skills:
 - Level 2.4 Dodging
 - Level 2.4 Stealth
 + Level 4.0 Spellcasting
 + Level 2.3 Conjurations
 + Level 4.0 Fire Magic


You had 6 spell levels left.
You knew the following spells:

 Your Spells              Type           Power        Failure   Level  Hunger
a - Flame Tongue          Conj/Fire      ###..        3%          1    None
j - Conjure Flame         Conj/Fire      ###.....     11%         3    ###....

Your spell library contained the following spells:

 Spells                   Type           Power        Failure   Level  Hunger
 Fireball                 Conj/Fire      ###.......   67%         5    ######.
 Throw Flame              Conj/Fire      ###...       5%          2    #......
 Sticky Flame             Conj/Fire      ###.....     34%         4    ####...
 Inner Flame              Hex/Fire       ##......     17%         3    ###....


Dungeon Overview and Level Annotations

Branches:
Dungeon (3/15)

Altars:
The Shining One

Annotations:
D:3 Avalon's ghost, amateur GnNe


Message History

Butt: Avalon's ghost, wielding a weapon of pain (flame, heavily damaged)
The flame tongue hits Avalon's ghost!
Avalon's ghost resists!
Avalon's ghost is heavily damaged!
Avalon's ghost is engulfed in blazing flames!
Avalon's ghost hits you!
Casting: Flame Tongue (safe; 3% risk of failure)
Confirm with ! or Enter, or press ? or * to list all spells!
You don't have enough magic to cast butt spell!
Unknown command!
You perforate Avalon's ghost but do no damage!
Avalon's ghost is severely damaged!
Avalon's ghost is engulfed in blazing flames!
Avalon's ghost gestures at you while chanting!
Pain shoots through butt's body!!!
You stick Avalon's ghost but butt no damage!
Avalon's ghost is severely damaged!
Avalon's ghost is engulfed in blazing flames!
Avalon's ghost hits you!!!
DANG rip

#.# ##########.######
................#
##########.####.#
########'## ######
#.........# #
#....####.#####...#
#####..[......รท####...####
..........)....W@).........
#####..........####...#####
# #..........# #...# #
#..........# #####
############


You could see Avalon's ghost.

Vanquished Creatures
  A worm (D:3)
  4 leopard geckos
  5 giant cockroaches
  2 goblins
  2 hobgoblins
  4 jackals (D:1)
  5 bats
  12 frilled lizards
  7 kobolds
  6 rats
48 creatures vanquished.

Notes
Turn   | Place    | Note
-------+----------+-------------------------------------------
     0 | D:1      | Gorglomux the Deep Elf Fire Elementalist began the quest for the Orb.
     0 | D:1      | Reached XP level 1. HP: 10/10 MP: 6/6
   226 | D:1      | Reached XP level 2. HP: 15/15 MP: 5/8
   880 | D:1      | Reached XP level 3. HP: 19/19 MP: 8/10
   885 | D:1      | Learned a level 3 spell: Conjure Flame
  1190 | D:2      | Found a faded altar of an unknown god.
  1403 | D:2      | Found a glowing golden altar of the Shining One.
  1874 | D:3      | Noticed Avalon's ghost (amateur GnNe)
  1986 | D:3      | Slain by Avalon's ghost

Vault maps used:
D:1:      sevenhm_arrival_forest_fort_large_4, minmay_lizard_pond
D:2:      lemuel_doored_altar, chequers_ecumenical_altar_simple_redux
D:3:      grunt_temple_overflow_open, uniq_natasha, uniq_terence

Skill      XL: |  1  2  3 |
---------------+----------+-----
Conjurations   | 2 |  2.3
Spellcasting   | 4 |  4.0
Fire Magic     | 4 |  4.0
Dodging        | |  2.4
Stealth        | |  2.4

Action                   || total
-------------------------++-------
Melee: Dagger            ||    17
 Cast: Flame Tongue      ||    89
       Conjure Flame     ||     4
  Eat: Chunk             ||     3
Armor: Robe              ||     9
Dodge: Dodged            ||    42

Table legend:
 A = Spawn XP
 B = Non-spawn XP
 C = Spawn XP percentage of total XP
 D = Spawn monster count
 E = Non-spawn monster count
 F = Spawn count percentage of total count
 G = Total turns spent on level
                    A         B        C        D         E        F      G
               +---------+---------+-------+---------+---------+-------+---------
         Total |       0 |      78 |   0.0 |       0 |      48 |   0.0 |  1986
               +---------+---------+-------+---------+---------+-------+---------
           D:1 |       0 |      43 |   0.0 |       0 |      29 |   0.0 |  1080
           D:2 |       0 |      19 |   0.0 |       0 |      12 |   0.0 |   555
           D:3 |       0 |      16 |   0.0 |       0 |       7 |   0.0 |   351
               +---------+---------+-------+---------+---------+-------+---------
